 Dungeon Crawl Stone Soup version 0.31-a0-1308-ga3cce3a448 (webtiles) character file.

Game seed: 9134778953093749507

2 Midn8 the Sneak (level 1, -2/19 HPs)
             Began as a Hill Orc Delver on Dec 20, 2023.
             Was a Believer of Uskayaw.
             Slain by an orc priest
             ... wielding a +0 flail
              (7 damage)
             ... on level 5 of the Dungeon.
             The game lasted 00:01:48 (155 turns).

Midn8 the Sneak (Hill Orc Delver)                    Turns: 155, Time: 00:01:49

Health: -2/19      AC:  3    Str: 14    XL:     1   Next: 30%
Magic:  1/1        EV: 11    Int: 10    God:    Uskayaw [**....]
Gold:   0          SH:  0    Dex: 12    Spells: 0/0 levels left

rFire   . . .        a - +0 hand axe
rCold   . . .        (no shield)
rNeg    . . .        b - +0 leather armour
rPois   .            (no helmet)
rElec   .            (no cloak)
rCorr   .            (no gloves)
SInv    .            (no boots)
Will    .....        (no amulet)
Stlth   ++           (no ring)
HPRegen 0.23/turn    (no ring)
MPRegen 0.07/turn

%: no passive effects
@: hasted, very quick
A: no striking features
a: Renounce Religion, Convert to Beogh, Stomp, Line Pass


You were on level 5 of the Dungeon.
You worshipped Uskayaw.
Uskayaw was noncommittal.
You visited 2 branches of the dungeon, and saw 2 of its levels.

Inventory:

Hand Weapons
 a - a +0 hand axe (weapon)
Armour
 b - a +0 leather armour (worn)
Wands
 g - a wand of digging (3)
Scrolls
 c - a scroll of fog
 e - a scroll of fear


   Skills:
 - Level 3.6 Fighting
 + Level 3.0 Axes
 - Level 1.5 Dodging
 - Level 4.1 Stealth


You couldn't memorise any spells.
You didn't know any spells.
Your spell library was empty.

Dungeon Overview and Level Annotations

Branches:
Dungeon (5/15)             Temple (1/1) D:5

Altars:
Ashenzari
Cheibriados
Dithmenos
Elyvilon
Gozag
Kikubaaqudgha
Nemelex Xobeh
Okawaru
Qazlal
Ru
Sif Muna
Trog
Uskayaw
Wu Jian
Xom
Yredelemnul
The Shining One

Annotations:
Temple 2 transporters


Message History

You start resting.
HP restored.
You climb upwards.
There is a staircase to the Ecumenical Temple, spattered with blood here.
You see here a +0 mace.
There is an open door here.
An orc priest comes into view. It is wielding a +0 flail.
The orc priest shouts, "Surrender to Beogh and we'll let you live!" (press Y on the ability menu to convert to Beogh)
There is an open door here.
Okay, then.
Okay, then.
Okay, then.
You feel yourself speed up.
The orc priest miscasts a cantrip.
You hit the orc priest.
The orc priest is moderately wounded.
The orc priest shouts, "Beogh is our master!
Accept the truth or die!"
The orc priest hits you with a +0 flail.
You hit the orc priest.
The orc priest is moderately wounded.
The orc priest hits you with a +0 flail.
You barely miss the orc priest.
The orc priest threatens, "By the altar or by the axe, you will meet Beogh!"
The orc priest is moderately wounded.
The orc priest shouts, "Surrender to Beogh and we'll let you live!"
You hit the orc priest.
The orc priest shouts, "Beogh is our master!
Accept the truth or die!"
The orc priest is severely wounded.
The orc priest hits you with a +0 flail.
* * * LOW HITPOINT WARNING * * *
You can now pass through a line of other dancers.
You hit the orc priest but do no damage.
The orc priest is severely wounded.
The orc priest barely misses you.
You barely miss the orc priest.
The orc priest is severely wounded.
The orc priest shouts, "Surrender to Beogh and we'll let you live!"
The orc priest hits you with a +0 flail!
You die...

*^*,,,,,,,***,,,*#.........,,,,*
*,*,**,*,,* **+###...........o,*
*,*,**,*,,* *..##..?......o..,*
*,*,**,*,,* *...#............,*
*,,,,,,,,,* *.#.+............,*
***,**,**,* *.###....#####+##**
*,**,**,* *.#........###.##
*,*,,,,,* *##o##.....#...##
**,*,,**** #♣@♣##......####
*,,,,,* ♣.).♣#....######
*,,*,****** ♣.>.♣#....#######
*,,*,,,,,,* ♣...♣#.>........#
*,,******,* #♣♣♣###########.###
**,,,,,* *,* #####.......###....
,,,,,*,* *,* ###########.###.##.
******,***,**
###########.###.#*, *,,,,,,*
*,,,..#*,


You could see an orc priest.

Vanquished Creatures
  An orc (D:5)
1 creature vanquished.

Notes
Turn   | Place    | Note
-------+----------+-------------------------------------------
     0 | D:5      | Midn8 the Hill Orc Delver began the quest for the Orb.
     0 | D:5      | Reached XP level 1. HP: 19/19 MP: 1/1
    18 | D:5      | Found a staircase to the Ecumenical Temple.
    31 | Temple   | Found a transporter.
    31 | Temple   | Found a transporter.
    31 | Temple   | Found a transporter.
    31 | Temple   | Found a transporter.
    31 | Temple   | Entered the Ecumenical Temple
    44 | Temple   | Became a worshipper of Uskayaw the Reveller
    65 | D:5      | Reached * piety under Uskayaw
   139 | D:5      | Noticed an orc priest
   153 | D:5      | Reached ** piety under Uskayaw
   155 | D:5      | Slain by an orc priest

Illustrated notes

Levels and vault maps discovered:
D:5:      layout_basic, minmay_temple_entry_enclosed_plants, uniq_ijyb
Temple:   hellmonk_temple_divided_pantheon

Skill      XL: |  1 |
---------------+----+-----
Axes           | 3 |  3.0
Fighting       | |  3.6
Dodging        | |  1.5
Stealth        | |  4.1

Action                     || total
---------------------------++-------
  Melee: Hand axe          ||    12
    Use: Scroll            ||     1
         Potion            ||     1
 Armour: Leather armour    ||     8
  Dodge: Dodged            ||     4

Table legend: (Time is in decaauts)
 A = Elapsed time spent in this place.
 B = Non-inter-level travel time spent in this place.
 C = Inter-level travel time spent in this place.
 D = Time resting spent in this place.
 E = Time spent auto-exploring this place.
 F = Levels seen in this place.
 G = Mean time per level.
                   A        B        C        D        E       F      G
               +--------+--------+--------+--------+--------+-----+--------+
         Total |    155 |    152 |      3 |     66 |      0 |   2 |   77.5 |
       Dungeon |     59 |     59 |      0 |      0 |      0 |   1 |   59.0 |
        Temple |     96 |     93 |      3 |     66 |      0 |   1 |   96.0 |
               +--------+--------+--------+--------+--------+-----+--------+

Top non-repeatable levels by time:
  Temple: 96 daAuts
     D:5: 59 daAuts
